 Dungeon Crawl Stone Soup version 0.32-a0-799-g95e1662365 (webtiles) character file.

Game seed: 8950375472658941899

41 smashvw the Insei (level 3, 0/28 HPs)
             Began as a Gnoll Shapeshifter on Mar 22, 2024.
             Was a Follower of Lugonu.
             Slain by an orc
             ... wielding a +0 short sword
              (3 damage)
             ... on level 2 of the Dungeon.
             The game lasted 00:03:25 (1496 turns).

smashvw the Insei (Gnoll Shapeshifter)              Turns: 1496, Time: 00:03:26

Health: 0/28       AC:  2    Str: 13    XL:     3   Next: 52%
Magic:  4/4        EV: 12    Int:  9    God:    Lugonu [*.....]
Gold:   70         SH:  0    Dex: 13    Spells: 3/3 levels left

rFire   . . .        k - +0 rapier
rCold   . . .        (no shield)
rNeg    . . .        a - +0 animal skin
rPois   .            (helmet currently unavailable)
rElec   .            (cloak currently unavailable)
rCorr   +            (gloves currently unavailable)
SInv    +            (boots currently unavailable)
Will    .....        (no amulet)
Stlth   ++           f - ring of see invisible
HPRegen 0.24/turn    l - ring of resist corrosion
MPRegen 0.09/turn

%: no passive effects
@: beast-form
A: beast (slay +3), fangs 1, strong nose, distributed training
a: Begin Untransformation, Renounce Religion, Depart the Abyss


You were on level 2 of the Dungeon.
You worshipped Lugonu.
Lugonu was aware of your devotion.
You were a hulking beast.
You visited 1 branch of the dungeon, and saw 3 of its levels.

You collected 70 gold pieces.

Inventory:

Hand Weapons
 k - a +0 rapier (weapon)
Missiles
 j - 20 stones (quivered)
 o - 6 poisoned darts
Armour
 a - a +0 animal skin (worn)
Jewellery
 f - a ring of see invisible (left hand)
 l - a ring of resist corrosion (right hand)
 p - a ring of ice
Talismans
 c - a beast talisman (active)
 d - a flux talisman
Scrolls
 g - 2 scrolls of identify {unknown}
 i - 2 scrolls of enchant armour {unknown}
 m - a scroll of blinking {unknown}
 n - a scroll of vulnerability {unknown}
 s - a scroll of immolation {unknown}
Potions
 b - a potion of lignification
 e - a potion of curing {unknown}
 h - 2 potions of haste {unknown}
 q - a potion of brilliance {unknown}
 r - 2 potions of heal wounds {unknown}


   Skills:
 + Level 2.6 Fighting
 + Level 0.9 Short Blades
 + Level 0.9 Long Blades
 + Level 0.9 Axes
 + Level 0.9 Maces & Flails
 + Level 0.9 Polearms
 + Level 0.9 Staves
 + Level 0.9 Ranged Weapons
 + Level 0.9 Throwing
 + Level 0.9 Armour
 + Level 4.5 Dodging
 + Level 0.9 Stealth
 + Level 0.9 Shields
 + Level 6.5 Unarmed Combat
 + Level 0.9 Spellcasting
 + Level 0.6 Conjurations
 + Level 0.6 Hexes
 + Level 0.6 Summonings
 + Level 0.6 Necromancy
 + Level 0.6 Translocations
 + Level 0.6 Fire Magic
 + Level 0.6 Ice Magic
 + Level 0.6 Air Magic
 + Level 0.6 Earth Magic
 + Level 0.6 Alchemy
 + Level 1.0 Invocations
 + Level 0.9 Evocations
 + Level 6.5 Shapeshifting


You had 3 spell levels left.
You didn't know any spells.
Your spell library was empty.

Dungeon Overview and Level Annotations

Branches:
Dungeon (3/15)

Altars:
Trog
Lugonu

Shops:
D:1 =


Innate Abilities, Weirdness & Mutations

You are a hulking beast.
Your limbs bulge with bestial killing power. (Slay +3)
You have very sharp teeth.
Your uncanny sense of smell can sniff out nearby items.
Your experience applies equally to all skills.


Message History

You hit the orc wizard.
The orc wizard is lightly wounded.
The orc closely misses you.
The orc wizard hits you but does no damage.
You closely miss the orc wizard.
The orc wizard is lightly wounded.
The orc hits you with a +0 short sword. The orc wizard barely misses you.
The orc hits you but does no damage.
You hit the orc wizard.
The orc wizard is lightly wounded.
The orc hits you with a +0 club. The orc misses you. The orc wizard misses you.
The orc barely misses you. The orc closely misses you.
You hit the orc wizard.
The orc wizard is moderately wounded.
The orc hits you with a +0 club. The orc misses you.
The orc wizard gestures at you while chanting.
The magic dart hits you! The orc closely misses you.
The orc hits you but does no damage.
You are too injured to fight recklessly!
You are too injured to fight recklessly!
You are too injured to fight recklessly!
The orc attacks as it pursues you! The orc hits you but does no damage.
The orc barely misses you. The orc hits you with a +0 dagger.
There is a stone staircase leading up here.
The orc hits you with a +0 short sword.
* * * LOW HITPOINT WARNING * * *
The orc barely misses you. x2
You climb upwards.
There is a stone staircase leading down here.
You puncture the orc!
You kill the orc!
Lugonu accepts your kill. The orc hits you with a +0 hand axe.
* * * LOW HITPOINT WARNING * * *
The orc misses you. The orc hits you with a +0 club.
* * * LOW HITPOINT WARNING * * *
The orc hits you with a +0 hand axe.
* * * LOW HITPOINT WARNING * * *
The orc hits you with a +0 short sword.
You die...

#############.......#
.##...# #.......#
.##...# ##.....##
......# ##)..##
.####.# #.### .# #.#
###.# .# #.# #...###
.# #.# ###.#.oo# .#
#.# #...#.h># .##
#.## #.###.o)# ..#
#..# #.# #...#
[.####.# #.###...#
...# #.####.......#
...# #.##...###...#
##.# #....#####...#
#.###.#.####.....#
#.......##...#..[#


You could see 3 orcs.

Vanquished Creatures
  A dart slug (D:1)
  An orc (D:2)
  2 ball pythons
  2 endoplasms
  4 giant cockroaches
  7 goblins
  A hobgoblin (D:1)
  4 jackals (D:2)
  A quokka (D:2)
  5 bats
  2 frilled lizards (D:1)
  A kobold (D:2)
  A rat (D:1)
32 creatures vanquished.

Notes
Turn   | Place    | Note
-------+----------+-------------------------------------------
     0 | D:1      | smashvw the Gnoll Shapeshifter began the quest for the Orb.
     0 | D:1      | Reached XP level 1. HP: 17/17 MP: 1/1
   117 | D:1      | Found Tysmoxt's Jewellery Boutique.
   168 | D:1      | Reached XP level 2. HP: 22/23 MP: 2/2
   790 | D:2      | Reached XP level 3. HP: 20/28 MP: 3/3
   995 | D:2      | Found a bloodstained altar of Trog.
  1049 | D:2      | Reached skill level 1 in Invocations
  1069 | D:2      | Found a faded altar of an unknown god.
  1128 | D:2      | Prayed at the altar of an unknown god.
  1128 | D:2      | Became a worshipper of Lugonu the Unformed
  1128 | D:2      | Reached * piety under Lugonu
  1496 | D:2      | Slain by an orc

Illustrated notes

Levels and vault maps discovered:
D:1:      roderic_crossed_star, layout_basic, serial_shops, nicolae_shop_crystal
D:2:      layout_rooms, hellmonk_ecumenical_altar_slurped_away, basic_altar,
          st_stairs_13
D:3:      layout_loops_corners, minmay_quadrilaterals, uniq_sigmund

Skill      XL: |  1  2  3 |
---------------+----------+-----
Invocations    | 1 |  1.0
Fighting       | |  2.6
Short Blades   | |  0.9
Long Blades    | |  0.9
Axes           | |  0.9
Maces & Flails | |  0.9
Polearms       | |  0.9
Staves         | |  0.9
Ranged Weapons | |  0.9
Throwing       | |  0.9
Armour         | |  0.9
Dodging        | |  4.5
Stealth        | |  0.9
Shields        | |  0.9
Unarmed Combat | |  6.5
Spellcasting   | |  0.9
Conjurations   | |  0.6
Hexes          | |  0.6
Summonings     | |  0.6
Necromancy     | |  0.6
Translocations | |  0.6
Fire Magic     | |  0.6
Ice Magic      | |  0.6
Air Magic      | |  0.6
Earth Magic    | |  0.6
Alchemy        | |  0.6
Evocations     | |  0.9
Shapeshifting  | |  6.5

Action                     || total
---------------------------++-------
  Melee: Unarmed           ||    10
         Bite              ||     3
         Dagger            ||    14
         Rapier            ||    58
   Stab: Sleeping          ||     1
 Armour: Animal skin       ||    52
  Dodge: Dodged            ||    76

Table legend: (Time is in decaauts)
 A = Elapsed time spent in this place.
 B = Non-inter-level travel time spent in this place.
 C = Inter-level travel time spent in this place.
 D = Time resting spent in this place.
 E = Time spent auto-exploring this place.
 F = Levels seen in this place.
 G = Mean time per level.
                   A        B        C        D        E       F      G
               +--------+--------+--------+--------+--------+-----+--------+
         Total |   1501 |   1451 |     50 |      0 |   1211 |   3 |  500.3 |
       Dungeon |   1501 |   1451 |     50 |      0 |   1211 |   3 |  500.3 |
               +--------+--------+--------+--------+--------+-----+--------+

Top non-repeatable levels by time:
     D:1: 774 daAuts
     D:2: 716 daAuts
     D:3: 10 daAuts
